 Dungeon Crawl Stone Soup version 0.28.0-53-g5a82cb258f (webtiles) character file.

Game seed: 10570552245359279874

32 Descartes the Sneak (level 3, 0/17 HPs)
             Began as a Felid Delver on July 14, 2022.
             Slain by a jelly (3 damage)
             ... on level 5 of the Dungeon.
             The game lasted 00:00:20 (408 turns).

Descartes the Sneak (Felid Delver)                   Turns: 408, Time: 00:00:21

Health: 0/17       AC: -3    Str: 10    XL:     3   Next: 8%
Magic:  4/4        EV: 18    Int: 11    God:
Gold:   60         SH:  0    Dex: 17    Spells: 2/2 levels left
                                        Lives:  0   Deaths: 0

rFire   . . .      SeeInvis +     - Unarmed
rCold   . . .      Faith    .   (shield unavailable)
rNeg    . . .      Spirit   .   (armour unavailable)
rPois   .          Reflect  .   (helmet unavailable)
rElec   .          Harm     .   (cloak unavailable)
rCorr   .          Rampage  .   (gloves unavailable)
Will    .....                   (boots unavailable)
Stlth   ++++......              (no amulet)
HPRegen 0.05/turn               (no ring)
MPRegen 0.09/turn               (no ring)

@: corroded, quick
A: very small, claws 1, fangs 3, see invisible, speed 1, shaggy fur 1, stealthy
paws, no weapons or thrown items, no armour, multi-lived
a: no special abilities


You were on level 5 of the Dungeon.
You visited 1 branch of the dungeon, and saw 1 of its levels.

You collected 60 gold pieces.

Inventory:

Wands
 e - a wand of digging (3)
Scrolls
 a - a scroll of fog
 b - a scroll of magic mapping
 c - a scroll of fear
Potions
 d - a potion of haste


   Skills:
 - Level 3.0 Fighting
 + Level 3.3 Dodging
 * Level 7.3 Stealth
 + Level 2.4 Unarmed Combat


You had 2 spell levels left.
You didn't know any spells.
Your spell library was empty.

Dungeon Overview and Level Annotations

Branches:
Dungeon (5/15)
 Temple: D:4-7

Altars:


Innate Abilities, Weirdness & Mutations

You have sharp claws.
You have razor-sharp teeth.
You have supernaturally acute eyesight. (SInv)
You cover ground quickly. (Speed+)
You are covered in fur. (AC +1)
Your paws help you pounce on unaware monsters.
You are incapable of wielding weapons or throwing items.
You cannot wear armour.
You gain extra lives every three experience levels.


Message History

You barely miss the hound. The hound barely misses you.
The hound completely misses you.
You claw the hound! Your claw misses the hound. You bite the hound.
The hound is heavily wounded.
The hound misses you.
You scratch the hound. You bite the hound, but do no damage.
The hound is severely wounded.
The hound barely misses you.
The hound pauses to sniff the ground.
The hound closely misses you.
You scratch the hound.
The hound is almost dead.
The hound bites you.
You closely miss the hound. Your claw misses the hound.
The hound is almost dead.
The hound completely misses you. The hound misses you.
You barely miss the hound.
The hound is severely wounded.
The hound bites you.
* * * LOW HITPOINT WARNING * * *
You are too injured to fight recklessly!
You scratch the hound.
You kill the hound!
Your Dodging skill increases to level 3!
Your Stealth skill increases to level 7!
You have reached level 2!
You have reached level 3!
Your experience leads to an increase in your attributes!
Increase (S)trength, (I)ntelligence, or (D)exterity?
You feel stronger. x2
A jelly comes into view.
You close the door, pushing everything out of the way.
You hear a slurping noise.
The jelly eats the door!
A jelly is nearby!
You claw the jelly! The acid corrodes you!
Your paws burn!
* * * LOW HITPOINT WARNING * * *
The jelly is moderately wounded.
The jelly hits you.
You die...

#..##..########
#..##..##.....#
#..##.....)...#
#...#.........#
#...'.........#
#..##..##..##.#
#+###..######.##
#..........#...#
#..........#..@#
#..........#...J†...#
#..........#...#....#
#..........#...#....+
#..######..###+# ...#
#..##..##..## ####
#..##.......#
#..##.......#
#..##..##...#


You could see a jelly.

Vanquished Creatures
  A hound (D:5)
  An orc (D:5)
2 creatures vanquished.

Notes
Turn   | Place    | Note
-------+----------+-------------------------------------------
     0 | D:5      | Descartes the Felid Delver began the quest for the Orb.
     0 | D:5      | Reached XP level 1. HP: 10/10 MP: 2/2
   395 | D:5      | Noticed a hound
   402 | D:5      | Killed a hound
   403 | D:5      | Reached skill level 7 in Stealth
   403 | D:5      | Reached XP level 2. HP: 3/14 MP: 3/3
   403 | D:5      | Reached XP level 3. HP: 4/17 MP: 4/4
   408 | D:5      | Slain by a jelly

Illustrated notes

Levels and vault maps discovered:
D:5:      layout_gridville, serial_bayou_pond_b, uniq_crazy_yiuf_cottage

Skill      XL: |  1 |
---------------+----+-----
Dodging        | 3 |  3.3
Stealth        | 7 |  7.3
Fighting       | |  3.0
Unarmed Combat | |  2.4

Action                   || total
-------------------------++-------
Melee: Unarmed           ||    22
       Bite              ||     2
Dodge: Dodged            ||    15
